 Dungeon Crawl Stone Soup version 0.29.0-4-gdea44cf6ec (webtiles) character file.

Game seed: 13763424801400052727

1089 qw the Cleaver (level 8, -1/68 HPs)
             Began as a Minotaur Berserker on Sept 8, 2022.
             Was a Priest of Trog.
             Slain by Eustachio
             ... wielding a +0 rapier
              (6 damage)
             ... on level 5 of the Dungeon.
             The game lasted 00:01:41 (4798 turns).

qw the Cleaver (Minotaur Berserker)                 Turns: 4798, Time: 00:01:42

Health: -1/68      AC:  9    Str: 23      XL:     8   Next: 9%
Magic:  7/7        EV:  6    Int:  4      God:    Trog [***...]
Gold:   103        SH:  8    Dex: 10 (11) Spells: 7/7 levels left

rFire   . . .      SeeInvis +   Y - +1 hand axe
rCold   + . .      Faith    .   n - +0 kite shield
rNeg    . . .      Spirit   .   m - +0 chain mail
rPois   .          Reflect  .   (helmet restricted)
rElec   .          Harm     .   (no cloak)
rCorr   .          Rampage  .   e - +0 pair of gloves
Will    .....                   (no boots)
Stlth   ..........              (no amulet)
HPRegen 0.21/turn               c - ring of see invisible
MPRegen 0.10/turn               b - ring of protection from cold

@: on berserk cooldown, slowed, very slow
A: horns 2, retaliatory headbutt
a: Renounce Religion, Berserk, Trog's Hand


You were on level 5 of the Dungeon.
You worshipped Trog.
Trog was most pleased with you.
You visited 1 branch of the dungeon, and saw 5 of its levels.

You collected 207 gold pieces.
You spent 104 gold pieces at shops.


Innate Abilities, Weirdness & Mutations

You have a pair of horns on your head.
You reflexively headbutt those who attack you in melee.


   Skills:
 - Level 5.3 Fighting
 - Level 10.1 Axes
 - Level 1.1 Throwing
 - Level 2.4 Armour
 - Level 2.1 Dodging
 + Level 4.3 Shields


You had 7 spell levels left.
You didn't know any spells.
Your spell library was empty.

Inventory:

Hand Weapons
 i - a +0 morningstar
 Y - a +1 hand axe (weapon)
Missiles
 d - a javelin (quivered)
 h - a boomerang
Armour
 e - a +0 pair of gloves (worn)
 m - a +0 chain mail (worn)
 n - a +0 kite shield (worn)
Jewellery
 b - a ring of protection from cold (right hand)
 c - a ring of see invisible (left hand)
 j - a ring of protection from fire
 l - a ring of protection from fire
Scrolls
 a - 2 scrolls of identify

Dungeon Overview and Level Annotations

Branches:
Dungeon (5/15)             Temple (0/1) D:4

Altars:
Hepliaklqana
Makhleb
The Shining One

Shops:
D:2 (

Annotations:
D:5 Eustachio


Message History

You throw a javelin. The javelin pierces through the bat!
You kill the bat!
The bat's corpse disappears in a puff of smoke!
The javelin misses Eustachio.
Eustachio says, "Summoning is fun!"
Throw: 2 javelins
Press: ? - help, Q - select action, (/) - cycle Shift-Dir - straight line, f/p - Eustachio You throw a javelin.
The javelin pierces through Eustachio.
Eustachio is lightly wounded.
Eustachio calls on the powers of shadow!
Eustachio gestures wildly while chanting.
Eustachio completely misses you.
You hit Eustachio. You headbutt Eustachio!
Eustachio is heavily wounded.
You hit the rat but do no damage. You hit the rat.
You kill the rat!
The rat's corpse disappears in a puff of smoke!
Eustachio mumbles some strange words.
The rat barely misses you. The quokka barely misses you.
You furiously retaliate!
You headbutt the quokka!
You kill the quokka!
The quokka's corpse disappears in a puff of smoke!
You slash Eustachio!
Eustachio is severely wounded.
You hit the rat.
You kill the rat!
The rat's corpse disappears in a puff of smoke!
Eustachio hits you with a +0 rapier. You block Eustachio's attack.
You slash Eustachio! Your headbutt misses Eustachio.
Eustachio is almost dead.
Eustachio hits you with a +0 rapier.
The quasit bites you but does no damage.
The quasit claws you but does no damage. x2
You completely miss Eustachio. Your headbutt misses Eustachio.
Eustachio is almost dead.
You closely miss the quasit. The quasit bites you.
You feel clumsy.
You block the quasit's attack. x2; Eustachio hits you with a +0 rapier.
You die...

#.## .. ..#
#.#######.###
.....(......
...........#
...........#
.........%.#
...........#
....¤.¤@...#
...(..@5¤......
......¤...#####
.........¤..
...(......###
.................#
.......(.........#
.......(.........#
................


You could see Eustachio and a quasit (summoned).

Vanquished Creatures
  An ice beast (D:4)
  Pargi (D:3)
  A black bear (D:5)
  An orc warrior (D:4)
  An ogre (D:5)
  2 centaurs (D:4)
  A necrophage (D:4)
  A howler monkey (D:4)
  A jelly (D:4)
  A hound (D:4)
  An orc priest (D:5)
  Natasha (thrice) (D:4)
  An iguana (D:4)
  An orc wizard (D:5)
  Robin (D:4)
  4 adders
  An ufetubus (D:5)
  2 worms (D:2)
  A dart slug (D:2)
  12 orcs
  10 bats
  6 endoplasms
  A giant cockroach (D:1)
  15 goblins
  14 hobgoblins
  2 jackals (D:2)
  3 quokkas (D:1)
  6 ball pythons
  2 frilled lizards (D:1)
  6 kobolds
  4 rats
107 creatures vanquished.

Vanquished Creatures (others)
  A plant (D:1)
1 creature vanquished.

Grand Total: 108 creatures vanquished

Notes
Turn   | Place    | Note
-------+----------+-------------------------------------------
     0 | D:1      | qw the Minotaur Berserker began the quest for the Orb.
     0 | D:1      | Reached XP level 1. HP: 19/19 MP: 0/0
     0 | D:1      | 0 ||| qw: Version: 0.1-a-112-g44dc6cd
     0 | D:1      | 0 ||| qw: Game counter: 6801
     0 | D:1      | 0 ||| qw: Always use a shield: true
     0 | D:1      | 0 ||| qw: Do Orc after D:15 true
     0 | D:1      | 0 ||| qw: Do second Lair branch before Depths: true
     0 | D:1      | 0 ||| qw: Lair rune preference: random
     0 | D:1      | 0 ||| qw: Plans: Normal
     0 | D:1      | 0 ||| PLANNING D:1-11
    53 | D:1      | Reached skill level 4 in Axes
    60 | D:1      | Found a faded altar of an unknown god.
   109 | D:1      | Reached XP level 2. HP: 26/26 MP: 1/1
   542 | D:1      | 542 ||| Stepping ~*~*~tactically~*~*~ (stealth).
   543 | D:1      | Reached ** piety under Trog
   544 | D:1      | Reached skill level 5 in Axes
   719 | D:1      | Reached XP level 3. HP: 31/31 MP: 2/2
   728 | D:1      | 728 ||| DROPPING +0 club.
  1029 | D:1      | 1029 ||| UPGRADING to +0 pair of gloves.
  1034 | D:1      | 1034 ||| UPGRADING to +0 leather armour.
  1044 | D:1      | 1044 ||| DROPPING +0 animal skin.
  1045 | D:1      | 1045 ||| UPGRADING to +0 scale mail.
  1055 | D:1      | 1055 ||| DROPPING +0 leather armour.
  1056 | D:1      | 1056 ||| UPGRADING to ring of see invisible.
  1057 | D:1      | 1057 ||| READING scroll labelled BIPUIRAROG.
  1058 | D:1      | 1058 ||| READING 2 scrolls labelled NEYNOR KYOWILI.
  1061 | D:1      | 1061 ||| READING scroll labelled UFFIGI TYKAIXT.
  1062 | D:1      | 1062 ||| READING scroll labelled HEASUC OSSE.
  1163 | D:1      | 1163 ||| READING scroll labelled SEOZYTUKAG.
  1164 | D:1      | 1164 ||| READING scroll labelled ILEUGHI SEUZI.
  1221 | D:2      | 1221 ||| Stepping ~*~*~tactically~*~*~ (stealth).
  1353 | D:2      | 1353 ||| Stepping ~*~*~tactically~*~*~ (stealth).
  1354 | D:2      | 1354 ||| Stepping ~*~*~tactically~*~*~ (stealth).
  1394 | D:2      | Reached XP level 4. HP: 38/39 MP: 3/3
  1407 | D:2      | Reached skill level 6 in Axes
  1577 | D:2      | 1577 ||| READING scroll of teleportation.
  1581 | D:2      | 1581 ||| Stepping randomly (stuck).
  1582 | D:2      | 1582 ||| Stepping randomly (stuck).
  1583 | D:2      | 1583 ||| Stepping randomly (stuck).
  1584 | D:2      | 1584 ||| Stepping randomly (stuck).
  1585 | D:2      | 1585 ||| Stepping randomly (stuck).
  1586 | D:2      | 1586 ||| Stepping randomly (stuck).
  1587 | D:2      | 1587 ||| Stepping randomly (stuck).
  1588 | D:2      | 1588 ||| Stepping randomly (stuck).
  1589 | D:2      | 1589 ||| Stepping randomly (stuck).
  1590 | D:2      | 1590 ||| Stepping randomly (stuck).
  1591 | D:2      | 1591 ||| Stepping randomly (stuck).
  1592 | D:2      | 1592 ||| Stepping randomly (stuck).
  1941 | D:2      | Found Limaxan's Antique Weapon Boutique.
  1949 | D:2      | 1949 ||| SHOPLISTING +8 mithril axe "Arga" {speed, Will+}
                  | (1227 gold, have 116).
  1949 | D:2      | 1949 ||| BUYING glowing whip (104 gold).
  1949 | D:2      | Bought a glowing whip for 104 gold pieces
  1949 | D:2      | 1949 ||| SHOPLISTING transparent hand axe (152 gold, have
                  | 12).
  1949 | D:2      | 1949 ||| DROPPING +0 whip of pain.
  2217 | D:2      | 2217 ||| READING scroll labelled SAEZOO NEURGH.
  2327 | D:3      | Found a glowing golden altar of the Shining One.
  2382 | D:3      | 2382 ||| Stepping ~*~*~tactically~*~*~ (stealth).
  2520 | D:3      | Reached skill level 1 in Throwing
  2556 | D:3      | Noticed Pargi
  2568 | D:3      | 2568 ||| INVOKING Berserk.
  2569 | D:3      | Killed Pargi
  2570 | D:3      | Reached skill level 7 in Axes
  2570 | D:3      | Reached XP level 5. HP: 25/45 MP: 4/4
  2877 | D:3      | 2877 ||| UPGRADING to ring of protection from cold.
  2878 | D:3      | 2878 ||| READING scroll labelled ZOPRUF XOKONA.
  2879 | D:3      | 2879 ||| DRINKING 2 inky potions.
  2880 | D:3      | 2880 ||| READING 4 scrolls of identify.
  2880 | D:3      | 2880 ||| IDENTIFYING orange potion
  2881 | D:3      | 2881 ||| READING 3 scrolls of identify.
  2881 | D:3      | 2881 ||| IDENTIFYING viscous green potion
  2882 | D:3      | 2882 ||| DROPPING potion of invisibility.
  2883 | D:3      | 2883 ||| DROPPING potion of brilliance.
  2884 | D:3      | 2884 ||| DROPPING potion of flight.
  2923 | D:4      | Found a burning altar of Makhleb.
  3017 | D:4      | 3017 ||| INVOKING Berserk.
  3198 | D:4      | Reached XP level 6. HP: 51/52 MP: 5/5
  3222 | D:4      | Reached *** piety under Trog
  3226 | D:4      | Reached skill level 8 in Axes
  3226 | D:4      | Noticed Robin
  3227 | D:4      | 3227 ||| Stepping ~*~*~tactically~*~*~ (stealth).
  3229 | D:4      | 3229 ||| Stepping ~*~*~tactically~*~*~ (hiding).
  3233 | D:4      | 3233 ||| INVOKING Berserk.
  3235 | D:4      | Killed Robin
  3389 | D:4      | 3389 ||| Stepping ~*~*~tactically~*~*~ (stealth).
  3391 | D:4      | 3391 ||| Stepping ~*~*~tactically~*~*~ (stealth).
  3396 | D:4      | 3396 ||| Stepping ~*~*~tactically~*~*~ (stealth).
  3399 | D:4      | 3399 ||| Stepping ~*~*~tactically~*~*~ (stealth).
  3409 | D:4      | 3409 ||| DROPPING +0 whip.
  3476 | D:4      | Found a staircase to the Ecumenical Temple.
  3493 | D:4      | 3493 ||| INVOKING Berserk.
  3634 | D:4      | 3634 ||| Stepping ~*~*~tactically~*~*~ (hiding).
  3636 | D:4      | 3636 ||| Stepping ~*~*~tactically~*~*~ (hiding).
  3639 | D:4      | Noticed Natasha
  3644 | D:4      | 3644 ||| INVOKING Berserk.
  3647 | D:4      | Killed Natasha
  3648 | D:4      | Noticed an ice beast
  3671 | D:4      | Killed an ice beast
  3672 | D:4      | Reached skill level 9 in Axes
  3919 | D:4      | Reached XP level 7. HP: 60/60 MP: 6/6
  4023 | D:4      | 4023 ||| Stepping ~*~*~tactically~*~*~ (stealth).
  4024 | D:4      | 4024 ||| Stepping ~*~*~tactically~*~*~ (stealth).
  4025 | D:4      | 4025 ||| Stepping ~*~*~tactically~*~*~ (hiding).
  4361 | D:4      | Noticed Natasha
  4362 | D:4      | 4362 ||| Stepping ~*~*~tactically~*~*~ (hiding).
  4366 | D:4      | 4366 ||| INVOKING Berserk.
  4367 | D:4      | Killed Natasha
  4456 | D:4      | Noticed Natasha
  4457 | D:4      | 4457 ||| INVOKING Berserk.
  4462 | D:4      | Killed Natasha
  4587 | D:4      | 4587 ||| INVOKING Berserk.
  4590 | D:4      | Reached skill level 10 in Axes
  4697 | D:4      | Found a hazy altar of Hepliaklqana.
  4698 | D:4      | Found a faded altar of an unknown god.
  4703 | D:4      | 4703 ||| UPGRADING to +0 chain mail.
  4713 | D:4      | 4713 ||| DROPPING +0 scale mail.
  4714 | D:4      | 4714 ||| UPGRADING to +0 kite shield.
  4719 | D:4      | 4719 ||| READING 3 scrolls of identify.
  4719 | D:4      | 4719 ||| IDENTIFYING fizzy yellow potion
  4720 | D:4      | 4720 ||| DROPPING potion of degeneration.
  4737 | D:5      | Entered Level 5 of the Dungeon
  4737 | D:5      | Noticed Eustachio
  4738 | D:5      | 4738 ||| INVOKING Berserk.
  4752 | D:5      | HP: 13/61 [river rat[Eustachio] (7)]
  4753 | D:5      | 4753 ||| READING scroll of teleportation.
  4758 | D:5      | HP: 10/61 [ufetubus (1)]
  4773 | D:5      | 4773 ||| INVOKING Berserk.
  4774 | D:5      | HP: 14/91 [black bear (6)]
  4776 | D:5      | Reached skill level 3 in Shields
  4776 | D:5      | Reached XP level 8. HP: 16/68 MP: 7/7
  4780 | D:5      | HP: 11/102 [ogre/+0 giant spiked club (6)]
  4796 | D:5      | HP: 7/68 [Eustachio/+0 rapier (5)]
  4798 | D:5      | Slain by Eustachio

Levels and vault maps discovered:
D:1:      dpeg_arrival_erosion, layout_loops_ring, shapermc_ecumenical_altar_gd,
          grunt_decor_resistance
D:2:      layout_basic, serial_shops, nicolae_square_shop, serial_corexii_hall,
          corexii_hall_statues_s, chequers_hall_statues_y, minmay_3d_cube
D:3:      layout_basic, amcnicky_altar_gilded, uniq_pargi
D:4:      layout_loops_ring, beargit_hepliaklqana_dungeon_heroes,
          makhleb_heckhound_becter, minmay_temple_entry_statues_fountains,
          minmay_manual_mares, uniq_robin, uniq_natasha
D:5:      layout_basic, reono_crystal_passage, lemuel_flamethrower_2,
          uniq_eustachio

Skill      XL: |  1  2  3  4  5  6  7  8 |
---------------+-------------------------+-----
Axes           | 4 5 7 9 10 | 10.1
Throwing       | 1 |  1.1
Fighting       | 4 5 |  5.3
Shields        | 3 4 |  4.3
Armour         | |  2.4
Dodging        | |  2.1

Action                   |  1- 3 |  4- 6 |  7- 9 || total
-------------------------+-------+-------+-------++-------
Melee: Hand axe          |    92 |   114 |    39 ||   245
       Headbutt          |    10 |    12 |     9 ||    31
       Punch             |       |     1 |       ||     1
Throw: Javelin           |       |    31 |    12 ||    43
Invok: Berserk           |       |     5 |     5 ||    10
  Use: Scroll            |     6 |     5 |     2 ||    13
       Potion            |       |     1 |       ||     1
Armor: Animal skin       |     6 |       |       ||     6
       Scale mail        |    24 |    46 |     9 ||    79
       Chain mail        |       |       |    42 ||    42
Dodge: Dodged            |    35 |    38 |    31 ||   104
Block: Kite shield       |       |       |    21 ||    21

Table legend:
 A = Non-vault XP
 B = Vault XP
 C = Vault XP percentage of total XP
 D = Non-vault monster count
 E = Vault monster count
 F = Vault count percentage of total count
                 A         B        C        D         E       F
            +---------+---------+-------+---------+---------+-------
      Total |     955 |     602 |  38.7 |      91 |      16 |  15.0
            +---------+---------+-------+---------+---------+-------
        D:1 |      52 |       0 |   0.0 |      30 |       0 |   0.0
        D:2 |      69 |       8 |  10.4 |      24 |       3 |  11.1
        D:3 |      29 |     128 |  81.5 |       9 |       1 |  10.0
        D:4 |     446 |     466 |  51.1 |      18 |      12 |  40.0
        D:5 |     359 |       0 |   0.0 |      10 |       0 |   0.0
            +---------+---------+-------+---------+---------+-------
